 Dungeon Crawl Stone Soup version 0.24.0-125-gc4c63601f3 (webtiles) character file.

Game seed: 10824172679186041315, levelgen mode: deterministic

14482 Curus the Fencer (level 11, -9/92 HPs)
             Began as a Minotaur Abyssal Knight on Mar 7, 2020.
             Was a High Priest of Lugonu.
             Mangled by a three-headed hydra (10 damage)
             ... on level 3 of the Lair of Beasts.
             The game lasted 00:42:48 (12191 turns).

Curus the Fencer (Minotaur Abyssal Knight)         Turns: 12191, Time: 00:42:49

Health: -9/92      AC: 22    Str: 17    XL:     11   Next: 89%
Magic:  17/17      EV:  6    Int: 11    God:    Lugonu [*****.]
Gold:   558        SH:  0    Dex: 13    Spells: 10/10 levels left

rFire    . . .     SeeInvis .   E - +0 falchion (flame)
rCold    . . .     Gourm    +   (no shield)
rNeg     . . .     Faith    .   l - +2 plate armour
rPois    .         Spirit   .   (helmet restricted)
rElec    .         Reflect  .   e - +1 cloak
rCorr    .         Harm     .   f - +0 pair of gloves
MR       .....                  y - +2 pair of boots
Stlth    ..........             d - amulet of the gourmand
HPRegen  0.25/turn              i - +2 ring of intelligence
MPRegen  0.15/turn              (no ring)

@: berserk cooldown, slowed, very slow
A: retaliatory headbutt, horns 2
a: Depart the Abyss, Bend Space, Banish, Corrupt, Enter the Abyss, Renounce
Religion


You were on level 3 of the Lair of Beasts.
You worshipped Lugonu.
Lugonu was extremely pleased with you.
You were not hungry.

You visited 2 branches of the dungeon, and saw 11 of its levels.
You visited the Abyss 1 time.
You also visited: Sewer.

You collected 558 gold pieces.

Inventory:

Hand Weapons
 a - a +2 falchion
 p - a +1 great sword
 E - a +0 falchion of flaming (weapon)
 G - a +0 scimitar
Armour
 b - a +0 leather armour
 e - a +1 cloak (worn)
 f - a +0 pair of gloves (worn)
 g - a +0 shield
 h - a +3 scale mail of poison resistance
 l - a +2 plate armour (worn)
 t - a cursed -2 shield
 v - a +0 pair of boots
 y - a +2 pair of boots (worn)
Jewellery
 d - an amulet of the gourmand (around neck)
 i - a +2 ring of intelligence (left hand)
 z - an uncursed ring of ice
 C - an uncursed ring of attention
 F - an uncursed amulet of faith
Wands
 r - a wand of disintegration (18)
 u - a wand of acid (9)
 x - a wand of random effects (19)
 B - a wand of flame (9)
 D - a wand of polymorph (7)
Scrolls
 j - 3 scrolls of identify
 k - 5 scrolls of remove curse
 s - 3 scrolls of fear
 w - 3 scrolls of teleportation
 A - 2 scrolls of amnesia
Potions
 m - 3 potions of brilliance
 n - 7 potions of curing
 o - 5 potions of agility
 q - a potion of heal wounds
 H - a potion of flight
Comestibles
 c - 22 rations


   Skills:
 - Level 7.5 Fighting
 * Level 15.8 Long Blades
 - Level 7.0 Armour
 - Level 1.1 Dodging
 + Level 9.8 Invocations
 - Level 5.0 Evocations


You had 10 spell levels left.
You didn't know any spells.
Your spell library contained the following spells:

 Spells                   Type           Power        Failure   Level  Hunger
 Beastly Appendage        Tmut           #.....       100%        1    ##.....
 Magic Dart               Conj           #...         100%        1    ##.....
 Searing Ray              Conj           #.....       100%        2    ###....
 Sticks to Snakes         Tmut           #.......     100%        2    ###....
 Dazzling Spray           Conj/Hex       #.....       100%        3    ####...
 Spider Form              Tmut/Pois      #.........   100%        3    ####...
 Force Lance              Conj/Tloc      #.......     100%        4    #####..
 Fulminant Prism          Conj/Hex       #.........   100%        4    #####..
 Ice Form                 Ice/Tmut       #.......     100%        4    #####..
 Iskenderun's Mystic Bla  Conj           #.......     100%        4    #####..
 Blade Hands              Tmut           #.........   100%        5    ######.


Dungeon Overview and Level Annotations

Branches:
Dungeon (8/15)             Temple (0/1) D:5            Lair (3/6) D:8
  Swamp (0/4) Lair:2        Snake (0/4) Lair:2        Sewer (visited)

Altars:
Cheibriados
Gozag
Kikubaaqudgha
Okawaru
Ru
Sif Muna
Trog
Uskayaw
Wu Jian
Xom
Yredelemnul
The Shining One

Annotations:
Lair:1 exclusion: 2 oklob plants


Innate Abilities, Weirdness & Mutations

You reflexively headbutt those who attack you in melee.
You have a pair of horns on your head.


Message History

The five-headed hydra bites you but does no damage.
You slice one of the five-headed hydra's heads off!
The flame cauterises the wound!
You slash the four-headed hydra! You burn the four-headed hydra.
The four-headed hydra is severely wounded.
The four-headed hydra bites you but does no damage. x2
The four-headed hydra bites you.
* * * LOW HITPOINT WARNING * * *
The four-headed hydra bites you but does no damage.
You slice one of the four-headed hydra's heads off!
The flame cauterises the wound!
You hit the three-headed hydra. You burn the three-headed hydra.
The three-headed hydra is almost dead.
The blink frog blinks!
You barely miss the three-headed hydra.
The three-headed hydra is almost dead.
The three-headed hydra bites you!
* * * LOW HITPOINT WARNING * * *
The three-headed hydra bites you!
You die...

...#.......###P..#
##.... ..###....##
########.##..
#.#...#..##
##..####.
##....###..#
##..## ## ##P...##
#### #..## #....##
#.## #....# ##.#
#.#...###### ###
.. ##...#.#@# ..
###...FD##
#P....F##
......#.F.P#
....#..##....#
.....#####.F.#
....< #...# .....
..... #. ....F.
...


You could see a three-headed hydra and 3 blink frogs.

Vanquished Creatures
  2 hydras
  3 spiny frogs
  5 komodo dragons (Lair:1)
  A polar bear (Lair:3)
  A tyrant leech (Lair:2)
  2 dream sheep (D:8)
  4 hippogriffs
  21 yaks
  A basilisk (Lair:3)
  A hungry ghost (D:7)
  Menkaure (D:7)
  A swamp worm (Lair:2)
  4 nagas (Lair:2)
  7 water moccasins
  A black bear (D:6)
  An ice beast (D:8)
  An orc warrior (D:8)
  4 porcupines (Lair:2)
  3 phantoms
  2 ogres
  4 sky beasts
  7 centaurs
  7 crocodiles
  7 big kobolds
  2 bullfrogs
  A wyvern zombie (D:6)
  A wyvern skeleton (D:8)
  2 scorpions
  5 howler monkeys (D:7)
  An electric eel (Lair:1)
  2 crimson imps
  2 jellies
  A centaur skeleton (D:6)
  A hound (D:6)
  An orc priest (D:7)
  6 iguanas (Lair:1)
  4 orc wizards
  Terence (D:3)
  A killer bee zombie (D:6)
  4 worker ants
  9 adders
  4 gnolls (D:7)
  8 river rats
  2 oozes (D:2)
  An adder skeleton (D:8)
  2 worms (D:3)
  6 dart slugs
  7 leopard geckos
  24 orcs
  4 giant cockroaches
  2 hobgoblins
  8 jackals
  21 kobolds
  4 quokkas
  4 ball pythons
  11 bats
  10 frilled lizards
  2 gnoll zombies (D:4)
  4 goblins
  A jackal skeleton (D:6)
  25 rats
285 creatures vanquished.

Vanquished Creatures (others)
  A komodo dragon (Lair:1)
  A swamp worm (Lair:2)
  2 fungi
  A plant (Lair:1)
5 creatures vanquished.

Grand Total: 290 creatures vanquished

Notes
Turn   | Place    | Note
-------+----------+-------------------------------------------
     0 | Abyss:1  | Curus the Minotaur Abyssal Knight began the quest for the
                  | Orb.
     0 | Abyss:1  | Reached XP level 1. HP: 19/19 MP: 1/1
    65 | Abyss:1  | Noticed a wretched star
    66 | D:1      | Escaped the Abyss
   131 | D:1      | Reached skill level 3 in Long Blades
   131 | D:1      | Reached XP level 2. HP: 6/26 MP: 2/2
   398 | D:1      | Reached * piety under Lugonu
   683 | D:1      | Reached XP level 3. HP: 31/31 MP: 2/4
  1122 | D:2      | Reached skill level 4 in Long Blades
  1440 | D:2      | Reached XP level 4. HP: 29/39 MP: 5/5
  1444 | D:2      | Noticed a bullfrog
  1455 | D:2      | Killed a bullfrog
  1455 | D:2      | Reached XP level 5. HP: 5/45 MP: 6/6
  2098 | D:3      | Noticed Terence
  2108 | D:3      | Killed Terence
  2108 | D:3      | Reached skill level 5 in Long Blades
  2324 | D:3      | Reached ** piety under Lugonu
  2490 | D:3      | Found a glowing drain.
  2508 | Sewer    | Entered a sewer
  2652 | Sewer    | Reached XP level 6. HP: 44/51 MP: 8/8
  2740 | Sewer    | Reached skill level 6 in Long Blades
  2749 | Sewer    | HP: 1/51 [river rat (3)]
  2980 | Sewer    | Reached skill level 5 in Invocations
  3027 | Sewer    | Reached XP level 7. HP: 10/57 MP: 8/10
  3052 | Sewer    | HP: 2/57 [poisoned by a kobold]
  3270 | Sewer    | Reached *** piety under Lugonu
  3583 | D:3      | Reached skill level 7 in Long Blades
  3804 | D:4      | Found an ancient bone altar of Kikubaaqudgha.
  3807 | D:4      | Found a shimmering altar of Xom.
  3821 | D:4      | Found a bloodstained altar of Trog.
  3824 | D:4      | Found a sacrificial altar of Ru.
  4034 | D:4      | Found a basalt altar of Yredelemnul.
  4133 | D:4      | Found an iron altar of Okawaru.
  4203 | D:4      | Found a glowing golden altar of the Shining One.
  4239 | D:5      | Entered Level 5 of the Dungeon
  4262 | D:5      | Reached skill level 8 in Long Blades
  4310 | D:5      | Reached XP level 8. HP: 64/64 MP: 10/12
  4355 | D:5      | Found a staircase to the Ecumenical Temple.
  4412 | D:5      | Found an ornate altar of the Wu Jian Council.
  4425 | D:5      | Found a shimmering blue altar of Sif Muna.
  4427 | D:5      | Found a hide-covered altar of Uskayaw.
  4855 | D:6      | Reached skill level 9 in Long Blades
  5276 | D:6      | Reached **** piety under Lugonu
  5276 | D:6      | Reached skill level 10 in Long Blades
  5300 | D:6      | Reached XP level 9. HP: 13/70 MP: 14/14
  6065 | D:7      | Reached skill level 11 in Long Blades
  6078 | D:7      | Noticed Menkaure
  6093 | D:7      | Killed Menkaure
  6445 | D:7      | Reached skill level 12 in Long Blades
  6465 | D:7      | Reached ***** piety under Lugonu
  7007 | D:8      | Found a staircase to the Lair.
  7015 | Lair:1   | Entered Level 1 of the Lair of Beasts
  7015 | Lair:1   | Noticed a spiny frog
  7022 | Lair:1   | Killed a spiny frog
  7032 | D:8      | HP: 1/71 [yak (10)]
  7036 | D:8      | Reached XP level 10. HP: 23/80 MP: 11/16
  7371 | D:8      | Found an opulent altar of Gozag.
  7450 | D:8      | Reached skill level 5 in Fighting
  7533 | D:8      | Reached skill level 5 in Armour
  7862 | D:8      | Noticed a two-headed hydra
  7866 | D:8      | Killed a one-headed hydra
  7930 | D:8      | Found a snail-covered altar of Cheibriados.
  8326 | Lair:1   | Reached skill level 1 in Evocations
  9016 | Lair:1   | Reached skill level 13 in Long Blades
  9016 | Lair:1   | Reached XP level 11. HP: 66/92 MP: 17/17
  9423 | Lair:1   | Found a glowing golden altar of the Shining One.
  9845 | Lair:1   | Noticed an oklob plant
  9845 | Lair:1   | Noticed an oklob plant
 10208 | Lair:2   | Noticed a four-headed hydra
 10229 | Lair:2   | Killed a one-headed hydra
 10229 | Lair:2   | Reached skill level 5 in Evocations
 10241 | Lair:2   | Reached skill level 14 in Long Blades
 10999 | Lair:2   | Found a staircase to the Snake Pit.
 11008 | Lair:2   | Reached skill level 15 in Long Blades
 11499 | Lair:2   | Found a staircase to the Swamp.
 12001 | Lair:3   | Noticed Sonja
 12002 | Lair:3   | Noticed Sonja
 12002 | Lair:3   | Sonja changed into Sonja the polar bear
 12010 | Lair:3   | Killed Sonja the polar bear
 12179 | Lair:3   | Noticed an eight-headed hydra
 12191 | Lair:3   | HP: 1/92 [three-headed hydra (10)]
 12191 | Lair:3   | Mangled by a three-headed hydra

Levels and vault maps discovered:
D:1:      sevenhm_arrival_forest_fort_small_6, layout_basic, minmay_unequal
D:2:      layout_basic, minmay_pentomino_t2
D:3:      layout_basic, gup_sewer_entry_bubbles, uniq_terence
D:4:      layout_cave_pools, lemuel_zombie_altar_yredelemnul,
          lemuel_doored_altar, grunt_temple_overflow_cloverleaf, first_ration,
          tso_altar
D:5:      layout_basic, grunt_temple_overflow_open, minmay_temple_entry_ruins
D:6:      layout_rooms
D:7:      layout_loops_ring, uniq_menkaure
D:8:      layout_basic, kennysheep_mini_moat, kennysheep_little_box,
          dpeg_oklobed_lair, serial_curves, eino_curves_02, eino_curves_01,
          hangedman_ranch [blue_anna_fruit_fields]
Lair:1:   beast_lair_carwin_large_3, layout_chaotic_city, basic_altar,
          minmay_lair_oklob_chamber, grunt_megastairs_4, lemuel_fruit_fields,
          lemuel_fruit_tree, serial_bayou_shore_a
Lair:2:   layout_regular_city, minmay_swamp_entry_worms,
          minmay_snake_entry_guardpost_small, beast_lair_carwin_10
Lair:3:   statuecave_lemuel, layout_hall_layers, nicolae_volcano_entry_hallway,
          uniq_sonja

Skill      XL: |  1  2  3  4  5  6  7  8  9 10 11 |
---------------+----------------------------------+-----
Invocations    | 2 3 4 5 6 8 9 |  9.8
Long Blades    | 3 4 5 6 8 10 12 13 15 | 15.8
Fighting       | 4 7 |  7.5
Armour         | 3 7 |  7.0
Evocations     | 3 5 |  5.0
Dodging        | |  1.1

Action                   |  1- 3 |  4- 6 |  7- 9 | 10-12 || total
-------------------------+-------+-------+-------+-------++-------
Melee: Falchion          |    83 |   241 |   135 |    16 ||   475
       Headbutt          |     7 |    31 |    80 |   104 ||   222
       Great sword       |       |       |   217 |   385 ||   602
Invok: Depart the Abyss  |     1 |       |       |       ||     1
       Banish            |       |       |     1 |     2 ||     3
Evoke: Wand              |       |       |     3 |     3 ||     6
  Use: Scroll            |     6 |     1 |    10 |     2 ||    19
       Potion            |     2 |     6 |     5 |     3 ||    16
  Eat: Chunk             |     4 |     3 |    14 |    18 ||    39
       Ration            |       |       |     1 |       ||     1
Armor: Leather armour    |    34 |     6 |       |       ||    40
       Scale mail        |       |    75 |       |       ||    75
       Plate armour      |       |   108 |   358 |   304 ||   770
Dodge: Dodged            |    33 |    49 |   105 |    95 ||   282
Block: Shield            |     9 |    98 |    37 |       ||   144
       Rpst.: Falchion   |     5 |    15 |     1 |     5 ||    26
       Great sword       |       |       |    26 |    22 ||    48
